 Dungeon Crawl Stone Soup version 0.32-a0-918-g0f22ef8d61 (webtiles) character file.

Game seed: 1428049574242563173

287844 shadizar the Portalist (level 21, -9/157 HPs)
             Began as a Djinni Conjurer on Apr 10, 2024.
             Was the Champion of Makhleb.
             Killed from afar by an ironbound thunderhulk (34 damage)
             ... with a bolt of lightning
             ... on level 1 of the Vaults.
             The game lasted 01:23:01 (36602 turns).

shadizar the Portalist (Djinni Conjurer)           Turns: 36602, Time: 01:23:01

Health: -9/157     AC: 21    Str:  9    XL:     21   Next: 70%
Gold:   2489       EV: 10    Int: 41    God:    Makhleb [******] SH: 14 Dex: 14

rFire   + + .        k - +1 mace of Finwoas {venom, rN++}
rCold   + + +        W - +2 kite shield {rC+ rF+}
rNeg    + + .        Y - +0 ice dragon scales of Somewhere Else {rF- rC++ Str+3 Dex+2}
rPois   ∞            w - +0 helmet of Jiusurphy {rC+++ Regen+ Dex-5 Stlth-}
rElec   .            y - +1 cloak {rPois}
rCorr   .            X - +1 pair of gloves {Dex+3}
SInv    .            (boots unavailable)
Will    ++...        P - amulet of regeneration
Stlth   +            e - +6 ring of intelligence
HPRegen 2.06/turn    E - +6 ring of intelligence

%: infuse magic (-10 HP)
@: marked, flying, studying 6 skills
A: sickness immunity, fire resistance 2, cold vulnerability 1, float, innate
caster, HP casting, extra vitality 1
}: 1/15 runes: gossamer
a: Renounce Religion, Minor Destruction, Lesser Servant of Makhleb, Major
Destruction, Greater Servant of Makhleb


You were on level 1 of the Vaults.
You worshipped Makhleb.
Makhleb was exalted by your worship.
You visited 8 branches of the dungeon, and saw 32 of its levels.
You also visited: Trove and Volcano.

You collected 4218 gold pieces.
You spent 1729 gold pieces at shops.

Inventory:

Hand Weapons
 k - the +1 mace of Finwoas (weapon) {venom, rN++}
   (You found it on level 2 of the Dungeon)

   rN++:      It greatly protects you from negative energy.
Armour
 a - +0 acid dragon scales
 w - the +0 helmet of Jiusurphy (worn) {rC+++ Regen+ Dex-5 Stlth-}
   (You found it on level 1 of the Elven Halls)

   Dex-5:     It affects your dexterity (-5).
   rC+++:     It renders you almost immune to cold.
   Regen+:    It increases your rate of health regeneration.
   Stlth-:    It makes you less stealthy.
 y - a +1 cloak of poison resistance (worn)
 z - a scarf of repulsion
 U - the scarf of Pab Suing {harm, Will++ Str-3}
   (You found it on level 4 of the Spider Nest)

   Str-3:     It affects your strength (-3).
   Will++:    It greatly increases your willpower.
 V - a +0 tower shield
 W - a +2 kite shield of resistance (worn)
 X - a +1 pair of gloves of dexterity (worn)
 Y - the +0 ice dragon scales of Somewhere Else (worn) {rF- rC++ Str+3 Dex+2}
   (You bought it in a shop on level 1 of the Elven Halls)

   Str+3:     It affects your strength (+3).
   Dex+2:     It affects your dexterity (+2).
   rF-:       It makes you vulnerable to fire.
   rC++:      It greatly protects you from cold.
Magical Staves
 p - a staff of death
 x - a staff of earth
 A - a staff of fire
 K - a staff of alchemy
Jewellery
 b - a ring of positive energy
 c - a +5 ring of evasion
 e - a +6 ring of intelligence (left hand)
 o - a ring of resist corrosion
 s - the ring "Rexudue" {rPois Dex+2}
   (You took it off a deep elf death mage on level 3 of the Elven Halls)

   [ring of poison resistance]

   Dex+2:     It affects your dexterity (+2).
   rPois:     It protects you from poison.
 t - a ring of protection from cold
 u - a ring of wizardry
 E - a +6 ring of intelligence (right hand)
 O - a ring of protection from fire
 P - an amulet of regeneration (around neck)
Wands
 B - a wand of flame (57)
 C - a wand of paralysis (29)
 F - a wand of warping (23)
 H - a wand of mindburst (32)
 J - a wand of polymorph (6)
 L - a wand of acid (19)
 S - a wand of digging (4)
Scrolls
 d - 2 scrolls of fog
 h - 3 scrolls of fear
 l - 4 scrolls of enchant weapon
 n - 8 scrolls of teleportation
 q - a scroll of poison
 r - 5 scrolls of enchant armour
 D - a scroll of brand weapon
 I - a scroll of identify
 N - 4 scrolls of blinking
 T - a scroll of revelation
Potions
 f - 10 potions of brilliance
 g - 4 potions of haste
 i - 2 potions of enlightenment
 j - 10 potions of curing
 m - a potion of resistance
 v - 6 potions of heal wounds
 G - 4 potions of invisibility
 M - 3 potions of ambrosia
 R - a potion of cancellation


   Skills:
 + Level 15.7 Fighting
 - Level 13.0 Armour
 - Level 14.0 Dodging
 - Level 8.3 Stealth
 - Level 13.3 Shields
 * Level 21.5 Spellcasting
 * Level 19.9 Conjurations
 * Level 19.9 Hexes
   Level 0.0 Charms
 * Level 19.9 Summonings
 * Level 19.9 Necromancy
 * Level 23.6 Translocations
   Level 0.0 Transmutations
 * Level 19.9 Fire Magic
 * Level 19.9 Ice Magic
 * Level 21.5 Air Magic
 * Level 19.9 Earth Magic
 * Level 21.5 Alchemy


You knew the following spells:

 Your Spells              Type           Power      Damage    Failure   Level
a - Magic Dart            Conj           100%       1d8       0%          1
b - Searing Ray           Conj           100%       2d8       0%          2
c - Fulminant Prism       Conj/Alch      60%        3d26      0%          4
d - Iskenderun's Mystic   Conj/Tloc      100%       2d19      (+2d10%     4
e - Foxfire               Conj/Fire      100%       2x1d9     0%          1
f - Static Discharge      Conj/Air       100%       3-8/arc   0%          2
g - Call Imp              Summ           100%       N/A       0%          2
h - Leda's Liquefaction   Alch/Erth      60%        N/A       0%          4
i - Summon Lightning Spi  Summ/Air       100%       N/A       0%          4
j - Lee's Rapid Deconstr  Erth           59%        3d27*     1%          5
k - Sculpt Simulacrum     Ice/Alch       60%        N/A       1%          6
l - Conjure Ball Lightni  Conj/Air       60%        3x3d22    1%          6
m - Death Channel         Necr           59%        N/A       1%          6
n - Summon Hydra          Summ           59%        N/A       1%          7
Your spell library was empty.

Dungeon Overview and Level Annotations

Branches:
Dungeon (15/15)            Temple (1/1) D:4            Lair (5/5) D:8
 Shoals (0/4) Lair:2       Spider (4/4) Lair:3        Slime (0/5) Lair:5
    Orc (2/2) D:9             Elf (3/3) Orc:2        Vaults (1/5) D:13
 Depths (1/4) D:15        Volcano (visited)

Altars:
Ashenzari
Cheibriados
Dithmenos
Elyvilon
Fedhas
Gozag
Hepliaklqana
Makhleb
Nemelex Xobeh
Okawaru
Qazlal
Ru
Trog
Uskayaw
Wu Jian
Xom
Yredelemnul
Zin
The Shining One
Jiyva

Shops:
D:9 =*:   D:12 (   Orc:1 :   Orc:2 [[((   Elf:1 [[[

Portals:
Hell: Depths:1
Abyss: Lair:2 Depths:1


Innate Abilities, Weirdness & Mutations

You are immune to sickness and miasma.
You are immune to poison.
Your flesh is very heat resistant. (rF++)
You are vulnerable to cold. (rC-)
You float through the air rather than walking.
You learn spells naturally, not from books.
Your magical power is your life essence.
You have superior vitality. (+4 MHP)


Message History

The vault sentinel is moderately wounded.
Electricity crackles from the ironbound thunderhulk's apparatus.
The bolt of lightning hits you!!!
* * * LOW HITPOINT WARNING * * *
The vault sentinel unwields a +0 morningstar.
The vault sentinel wields a +0 arbalest.
The vault sentinel shoots a bolt.
You block the bolt.
Unknown command.
Unknown command.
Casting: Iskenderun's Mystic Blast (safe; 0% risk of failure)
Confirm with . or Enter, or press ? or * to list all spells.
You erupt in a blast of force!
The mystic blast hits the vault sentinel!
The vault sentinel is heavily wounded.
The vault sentinel is knocked back by the mystic blast.
The vault sentinel slams into the stone wall!
The vault sentinel is severely wounded.
* * * LOW HITPOINT WARNING * * *
Unknown command.
Unknown command.
Unknown command.
Unknown command.
Unknown command.
Casting: Iskenderun's Mystic Blast (safe; 0% risk of failure)
Confirm with . or Enter, or press ? or * to list all spells.
You erupt in a blast of force!
The mystic blast hits the vault sentinel!!
You kill the vault sentinel!
Makhleb accepts your kill.
You feel better.
* * * LOW HITPOINT WARNING * * *
Strange energies crackle from the ironbound thunderhulk's apparatus.
The ironbound thunderhulk blinks!
Unknown command.
Unknown command.
Unknown command.
Unknown command.
Electricity crackles from the ironbound thunderhulk's apparatus.
The bolt of lightning hits you!!
You die...

########################
........................
........................
......................O.
####....................
###########..........
#.......... #..@.......
#.......... ###.#####+#
#)# #.# #.# #.# #.# #.#


You could see an ironbound thunderhulk.

Vanquished Creatures
  Boris (Elf:3)
  Nikola (Spider:3)
  Asterion (Elf:1)
  2 deep elf blademasters (Elf:3)
  A titan (Elf:1)
  4 deep elf master archers (Elf:3)
  A sphinx (Depths:1)
  A lich (Depths:1)
  The ghost of Sphara the Unseen, an adept DrFi of Nemelex Xobeh (Elf:1)
  Frances (Elf:1)
  Roxanne (Elf:3)
  Donald (Spider:3)
  A tengu reaver (Depths:1)
  3 fire giants
  6 emperor scorpions (Spider:4)
  A frost giant (Depths:1)
  Louise (D:15)
  9 deep elf sorcerers
  5 deep elf elementalists (Elf:3)
  7 ghost moths
  3 broodmothers
  3 ironbound thunderhulks (Vaults:1)
  9 stone giants
  7 very ugly things (Depths:1)
  An ironbound preserver (Vaults:1)
  The ghost of Mocseve the Carver, a journeyman MiGl of Okawaru (Lair:2)
  3 deep elf demonologists (Elf:3)
  A vampire knight (Depths:1)
  A red draconian (Volcano)
  6 deep elf death magi
  5 deep elf annihilators (Elf:3)
  3 war gargoyles (Vaults:1)
  Azrael (D:13)
  A minotaur (Elf:1)
  The ghost of Kimn the Skirmisher, a journeyman CoHu of Okawaru (D:12)
  4 ettins
  A merfolk javelineer (Elf:1)
  The ghost of Awiff the Destroyer, a journeyman HuCj of Sif Muna (D:12)
  The ghost of Sixotir the Destroyer, a journeyman DsCj of Sif Muna (D:12)
  2 fire dragons (Depths:1)
  A merfolk impaler (Elf:1)
  Josephine (D:15)
  A yaktaur captain (Vaults:1)
  8 deep elf high priests
  7 hydras
  3 rakshasas (Depths:1)
  3 entropy weavers
  2 ice dragons (Depths:1)
  Fannar (Lair:1)
  2 peacekeepers (Vaults:1)
  An ironbound frostheart (Vaults:1)
  4 ogre magi (Orc:2)
  6 centaur warriors
  2 radroaches
  A jorogumo (Spider:3)
  A catoblepas (D:13)
  36 dancing weapons
  16 two-headed ogres
  9 boulder beetles
  A merfolk avatar (Lair:5)
  8 tengu warriors
  2 deep troll earth magi (Depths:1)
  Urug (Lair:2)
  A deep troll shaman (Depths:1)
  12 death yaks
  2 thrashing horrors (Lair:2)
  2 orc high priests
  Sonja (Lair:2)
  7 demonic crawlers
  Amaemon (Lair:2)
  25 deep elf knights
  7 skysharks
  5 pharaoh ants
  An iron troll (Depths:1)
  A salamander mystic (Volcano)
  The ghost of Coehegh the Nimble, a novice DECj (D:12)
  9 deep trolls
  2 sea snakes (Lair:5)
  14 deep elf archers
  3 skeletal warriors (D:15)
  A sun moth (Spider:4)
  6 orb spiders
  2 lindwurms
  4 ironbound convokers (Vaults:1)
  A necromancer (D:15)
  An arcanist (D:13)
  A harpy (Lair:5)
  2 orc knights
  22 deep elf zephyrmancers
  8 thermic dynamos
  7 steelbarb worms
  16 deep elf pyromancers
  Maurice (Orc:2)
  A shining eye (shapeshifter) (Lair:2)
  4 salamanders (Volcano)
  12 wolf spiders
  2 orc sorcerers
  4 cyclopes
  2 oklob plants (Lair:1)
  2 moths of wrath
  A worldbinder (Lair:2)
  6 manticores
  11 ugly things
  3 kobold blastminers
  3 meliai (Spider:2)
  32 elephants
  4 black mambas
  4 vault sentinels (Vaults:1)
  2 molten gargoyles (Volcano)
  An orange demon (Lair:2)
  5 torpor snails
  7 komodo dragons
  Jeremiah (D:9)
  3 rime drakes
  10 cane toads
  2 efreet
  3 tengu conjurers
  2 guardian mummies (D:14)
  5 polar bears
  6 trolls
  24 tarantellas
  25 jumping spiders
  A hornet (Lair:5)
  3 blink frogs (Lair:2)
  A dream sheep (shapeshifter) (Depths:1)
  18 dream sheep
  9 slime creatures
  A snapping turtle (Lair:5)
  15 culicivoras
  2 water elementals (Elf:1)
  4 air elementals
  A ynoxinul (Lair:2)
  A spriggan (Lair:2)
  4 fire bats (Volcano)
  47 yaks
  5 wyverns
  10 fire elementals
  6 wraiths
  6 wargs
  3 basilisks
  A neqoxec (Lair:2)
  A steam dragon (Lair:5)
  52 redbacks
  2 vampire mosquitoes (D:13)
  An acid dragon (D:10)
  2 hell hounds (D:13)
  17 water moccasins
  19 orc warriors
  A black bear (D:6)
  3 sky beasts
  An ice beast (D:5)
  2 laughing skulls (D:15)
  14 centaurs
  25 ogres
  7 wolves
  A kobold brigand (D:7)
  2 gnoll sergeants
  12 bullfrogs
  2 earth elementals
  A scorpion (D:5)
  13 wights
  3 killer bees (D:10)
  2 electric eels
  11 howler monkeys
  4 lava snakes (Volcano)
  A bombardier beetle (D:5)
  6 jellies
  4 crimson imps (D:10)
  3 hounds
  15 orc priests
  A sleepcap (D:5)
  4 iguanas
  23 orc wizards
  5 hell rats (Lair:2)
  8 adders
  17 gnolls
  2 shadow imps (D:5)
  2 dart slugs (D:4)
  2 ribbon worms
  88 orcs
  7 ball pythons
  4 bats
  5 endoplasms
  5 giant cockroaches
  4 goblins
  4 hobgoblins (D:1)
  4 jackals (D:5)
  4 quokkas
  5 frilled lizards
  18 kobolds
  5 rats
1156 creatures vanquished.

Vanquished Creatures (others)
  An unseen horror (D:12)
  19 foxfires (D:3)
  193 fulminant prisms
213 creatures vanquished.

Grand Total: 1369 creatures vanquished

Notes
Turn   | Place    | Note
-------+----------+-------------------------------------------
     0 | D:1      | shadizar the Djinni Conjurer began the quest for the Orb.
     0 | D:1      | shadizar set off with the following spells memorised: Magic
                  | Dart, Searing Ray, Fulminant Prism, Iskenderun's Mystic
                  | Blast.
     0 | D:1      | Reached XP level 1. HP: 15/15 MP: 0/0
   218 | D:1      | Reached XP level 2. HP: 15/21 MP: 0/0
   388 | D:1      | Found a faded altar of an unknown god.
   397 | D:1      | Reached skill level 4 in Translocations
   761 | D:2      | Identified the +1 mace of Finwoas {venom, rN++}
   907 | D:2      | Reached XP level 3. HP: 24/25 MP: 0/0
   907 | D:2      | Learned a level 1 spell: Foxfire
  1819 | D:3      | Reached XP level 4. HP: 26/31 MP: 0/0
  2044 | D:3      | Found a sparkling altar of Nemelex Xobeh.
  2066 | D:3      | Found a glowing silver altar of Zin.
  2146 | D:3      | Reached XP level 5. HP: 17/35 MP: 0/0
  2146 | D:3      | Learned a level 2 spell: Static Discharge
  2161 | D:3      | Reached skill level 5 in Spellcasting
  2161 | D:3      | Reached skill level 5 in Conjurations
  2161 | D:3      | Reached skill level 5 in Hexes
  2161 | D:3      | Reached skill level 5 in Summonings
  2161 | D:3      | Reached skill level 5 in Necromancy
  2161 | D:3      | Reached skill level 5 in Translocations
  2161 | D:3      | Reached skill level 5 in Fire Magic
  2161 | D:3      | Reached skill level 5 in Ice Magic
  2161 | D:3      | Reached skill level 5 in Air Magic
  2161 | D:3      | Reached skill level 5 in Earth Magic
  2161 | D:3      | Reached skill level 5 in Alchemy
  2277 | D:3      | Noticed an ogre
  2289 | D:3      | Killed an ogre
  2290 | D:3      | Reached XP level 6. HP: 31/40 MP: 0/0
  2652 | D:4      | Reached skill level 6 in Translocations
  2834 | D:4      | Found a staircase to the Ecumenical Temple.
  3008 | D:4      | Reached XP level 7. HP: 32/45 MP: 0/0
  3008 | D:4      | Learned a level 2 spell: Call Imp
  3010 | D:4      | Reached skill level 1 in Shields
  3554 | Temple   | Entered the Ecumenical Temple
  3572 | D:5      | Entered Level 5 of the Dungeon
  4022 | D:5      | Reached XP level 8. HP: 41/50 MP: 0/0
  4069 | D:5      | Found an opulent altar of Gozag.
  4188 | D:5      | Reached skill level 7 in Translocations
  5014 | D:6      | Reached skill level 1 in Fighting
  5283 | D:6      | Reached skill level 5 in Shields
  5283 | D:6      | Reached XP level 9. HP: 56/58 MP: 0/0
  5283 | D:6      | Learned a level 4 spell: Leda's Liquefaction
  6012 | D:7      | Paralysed by an orc for 3 turns
  6207 | D:7      | Reached skill level 8 in Translocations
  7209 | D:8      | Noticed a death yak
  7214 | D:8      | Reached XP level 10. HP: 17/67 MP: 0/0
  7421 | D:8      | Killed a death yak
  7422 | D:8      | Reached skill level 5 in Dodging
  7701 | D:8      | Found a staircase to the Lair.
  7872 | D:8      | Reached skill level 9 in Translocations
  8168 | Lair:1   | Entered Level 1 of the Lair of Beasts
  8168 | Lair:1   | Noticed a cane toad
  8173 | Lair:1   | Noticed a cane toad
  8177 | Lair:1   | Killed a cane toad
  8184 | Lair:1   | Killed a cane toad
  8184 | Lair:1   | Noticed an elephant
  8185 | Lair:1   | Noticed an elephant
  8186 | Lair:1   | Noticed an elephant
  8194 | Lair:1   | Noticed an elephant
  8475 | D:9      | Found Zihafar's General Store.
  8476 | D:9      | Found Ritaum's Jewellery Emporium.
  8622 | D:9      | Identified the +5 flail of Mogoveph {protect, *Slow Will+
                  | Int+4}
  8861 | D:9      | Found Haitaj's Book Emporium.
  8974 | D:9      | Found a staircase to the Orcish Mines.
  9214 | D:9      | Noticed Jeremiah
  9231 | D:9      | Killed Jeremiah
  9232 | D:9      | Reached skill level 5 in Fighting
  9232 | D:9      | Reached XP level 11. HP: 38/75 MP: 0/0
  9232 | D:9      | Learned a level 4 spell: Summon Lightning Spire
  9485 | D:9      | Found a burning altar of Makhleb.
  9485 | D:9      | Found an ornate altar of the Wu Jian Council.
  9491 | D:9      | Became a worshipper of Makhleb the Destroyer
  9505 | D:10     | Entered Level 10 of the Dungeon
  9523 | D:10     | Found a shimmering altar of Xom.
  9865 | D:10     | Noticed a cyclops
  9876 | D:10     | Killed a cyclops
 10170 | D:10     | Reached * piety under Makhleb
 10667 | Lair:1   | Killed an elephant
 10671 | Lair:1   | Killed an elephant
 10672 | Lair:1   | Reached skill level 1 in Armour
 10672 | Lair:1   | Killed an elephant
 10673 | Lair:1   | Reached skill level 5 in Stealth
 10675 | Lair:1   | Killed an elephant
 10992 | Lair:1   | You are sucked into a shaft and drop 1 floor!
 11156 | Lair:1   | Reached skill level 10 in Spellcasting
 11156 | Lair:1   | Reached skill level 10 in Conjurations
 11156 | Lair:1   | Reached skill level 10 in Hexes
 11156 | Lair:1   | Reached skill level 10 in Summonings
 11156 | Lair:1   | Reached skill level 10 in Necromancy
 11156 | Lair:1   | Reached skill level 10 in Translocations
 11156 | Lair:1   | Reached skill level 10 in Fire Magic
 11156 | Lair:1   | Reached skill level 10 in Ice Magic
 11156 | Lair:1   | Reached skill level 10 in Air Magic
 11156 | Lair:1   | Reached skill level 10 in Earth Magic
 11156 | Lair:1   | Reached skill level 10 in Alchemy
 11360 | Lair:1   | Found a blossoming altar of Fedhas.
 11362 | Lair:1   | Noticed an oklob plant
 11372 | Lair:1   | Killed an oklob plant
 11381 | Lair:1   | Noticed an oklob plant
 11398 | Lair:1   | Killed an oklob plant
 11509 | Lair:1   | Noticed a boulder beetle
 11522 | Lair:1   | Killed a boulder beetle
 11523 | Lair:1   | Reached XP level 12. HP: 72/83 MP: 0/0
 11600 | Lair:1   | Noticed Fannar
 11609 | Lair:1   | Killed Fannar
 12164 | Lair:2   | Noticed a skyshark
 12170 | Lair:2   | Noticed Amaemon
 12170 | Lair:2   | Killed a skyshark
 12180 | Lair:2   | Killed Amaemon
 12180 | Lair:2   | Noticed Sonja
 12292 | Lair:2   | Killed Sonja
 12430 | Lair:2   | Noticed Urug
 12436 | Lair:2   | Reached ** piety under Makhleb
 12440 | Lair:2   | Killed Urug
 12709 | Lair:2   | Found a transporter.
 12723 | Lair:2   | Noticed Mocseve's ghost (journeyman MiGl)
 12842 | Lair:2   | Noticed a skyshark
 12851 | Lair:2   | Reached skill level 11 in Translocations
 12854 | Lair:2   | Killed a skyshark
 12864 | Lair:2   | Reached XP level 13. HP: 46/90 MP: 0/0
 12864 | Lair:2   | Learned a level 5 spell: Lee's Rapid Deconstruction
 13150 | Lair:2   | Reached skill level 5 in Armour
 13694 | Lair:2   | Found a staircase to the Shoals.
 13934 | Lair:2   | Found a transporter.
 13940 | Lair:2   | Found a one-way gate to the infinite horrors of the Abyss.
 14332 | Lair:2   | Noticed an ice dragon
 14385 | Lair:3   | Found a dark tunnel.
 14391 | Volcano  | Entered a volcano
 14736 | Volcano  | Noticed a red draconian
 14748 | Volcano  | Killed a red draconian
 14748 | Volcano  | Reached *** piety under Makhleb
 15471 | Lair:3   | Found a hole to the Spider Nest.
 15499 | Lair:3   | Reached skill level 12 in Translocations
 15894 | Lair:3   | Reached XP level 14. HP: 82/99 MP: 0/0
 16489 | Lair:4   | Reached skill level 10 in Shields
 16527 | Lair:4   | Reached skill level 10 in Dodging
 16779 | Lair:4   | Reached **** piety under Makhleb
 17305 | Lair:5   | Entered Level 5 of the Lair of Beasts
 17331 | Lair:5   | Reached skill level 13 in Translocations
 18203 | Lair:5   | Reached XP level 15. HP: 54/105 MP: 0/0
 18203 | Lair:5   | Learned a level 6 spell: Sculpt Simulacrum
 18464 | Lair:5   | Reached skill level 14 in Translocations
 18600 | Lair:5   | Identified the +6 rapier "Inik" {antimagic, rElec rC+}
 18635 | Lair:5   | Reached ***** piety under Makhleb
 18945 | Lair:5   | Found a viscous altar of Jiyva.
 18945 | Lair:5   | Found a staircase to the Slime Pits.
 19343 | Lair:2   | Killed Mocseve's ghost
 19755 | D:11     | Identified the +0 leather armour of New Discoveries {Harm
                  | rElec Stlth-}
 19798 | D:11     | Reached skill level 10 in Fighting
 20335 | D:11     | Found a viscous altar of Jiyva.
 20346 | D:11     | Reached skill level 15 in Translocations
 20544 | Orc:1    | Entered Level 1 of the Orcish Mines
 20817 | Orc:1    | Found Popp's Vocational Training.
 20858 | Orc:2    | Entered Level 2 of the Orcish Mines
 20865 | Orc:2    | Reached ****** piety under Makhleb
 20946 | Orc:2    | Found a staircase to the Elven Halls.
 20968 | Orc:2    | Noticed Maurice
 20974 | Orc:2    | Killed Maurice
 20984 | Orc:2    | Reached skill level 15 in Spellcasting
 20984 | Orc:2    | Reached skill level 15 in Conjurations
 20984 | Orc:2    | Reached skill level 15 in Hexes
 20984 | Orc:2    | Reached skill level 15 in Summonings
 20984 | Orc:2    | Reached skill level 15 in Necromancy
 20984 | Orc:2    | Reached skill level 15 in Fire Magic
 20984 | Orc:2    | Reached skill level 15 in Ice Magic
 20984 | Orc:2    | Reached skill level 15 in Air Magic
 20984 | Orc:2    | Reached skill level 15 in Earth Magic
 20984 | Orc:2    | Reached skill level 15 in Alchemy
 20991 | Orc:2    | Reached XP level 16. HP: 110/113 MP: 0/0
 21124 | Orc:2    | Found Mabohutz's Weapon Shoppe.
 21124 | Orc:2    | Found Waomam's Armour Shop.
 21125 | Orc:2    | Found Buyvainu's Antique Weapon Boutique.
 21125 | Orc:2    | Found Xeclurr's Antique Armour Shoppe.
 21972 | D:12     | Found Cieqih's Antique Weapon Shoppe.
 21976 | D:12     | Identified the +2 flail "Stringbean" {protect, Int+4}
 21980 | D:12     | Found a runed translucent gate.
 21980 | D:12     | Found a runed translucent gate.
 21980 | D:12     | Found a runed translucent gate.
 21982 | D:12     | Noticed Coehegh's ghost (novice DECj)
 21982 | D:12     | Noticed Awiff's ghost (journeyman HuCj)
 21983 | D:12     | Noticed Kimn's ghost (journeyman CoHu)
 21983 | D:12     | Noticed Sixotir's ghost (journeyman DsCj)
 22026 | D:12     | Killed Coehegh's ghost
 22030 | D:12     | Killed Awiff's ghost
 22030 | D:12     | Killed Kimn's ghost
 22031 | D:12     | Killed Sixotir's ghost
 22064 | D:12     | Identified the +0 ring mail of Immorality {Str+5 Slay+3}
 22134 | D:12     | Reached skill level 16 in Translocations
 23204 | D:13     | Noticed Azrael
 23215 | D:13     | Killed Azrael
 23223 | D:13     | Reached skill level 10 in Armour
 23395 | D:13     | Found a gate to the Vaults.
 24092 | D:14     | Found a portal to a secret trove of treasure.
 25315 | Spider:1 | Entered Level 1 of the Spider Nest
 25360 | Spider:1 | Reached XP level 17. HP: 121/121 MP: 0/0
 25360 | Spider:1 | Learned a level 6 spell: Conjure Ball Lightning
 25576 | Spider:1 | Reached skill level 17 in Translocations
 26263 | Elf:1    | Entered Level 1 of the Elven Halls
 26775 | Elf:1    | Identified the +4 ring mail "Geyg Piu" {Dex+3 SInv}
 26892 | Elf:1    | Noticed Asterion
 26892 | Elf:1    | Noticed Frances
 26897 | Elf:1    | Killed Asterion
 26899 | Elf:1    | Killed Frances
 26959 | Elf:1    | Found Aloihioli's Armour Shoppe.
 26961 | Elf:1    | Found Xooj's Antique Armour Emporium.
 26964 | Elf:1    | Found Kirauh's Antique Armour Shoppe.
 26983 | Elf:1    | Bought a +0 pair of gloves of dexterity for 195 gold pieces
 26993 | Elf:1    | Bought the +0 ice dragon scales of Somewhere Else {rF- rC++
                  | Str+3 Dex+2} for 1317 gold pieces
 27039 | Elf:1    | Bought a pair of runed gloves for 217 gold pieces
 27225 | Elf:1    | Found a runed translucent gate.
 27227 | Elf:1    | Noticed Sphara's ghost (adept DrFi)
 27274 | Elf:1    | Found a runed translucent gate.
 27275 | Elf:1    | Found a runed translucent gate.
 27277 | Elf:1    | Noticed a titan
 27282 | Elf:1    | Found an iron altar of Okawaru.
 27303 | Elf:1    | Killed a titan
 27308 | Elf:1    | Killed Sphara's ghost
 27309 | Elf:1    | Reached skill level 18 in Translocations
 27343 | Elf:1    | Identified the +0 helmet of Jiusurphy {rC+++ Regen+ Dex-5
                  | Stlth-}
 27495 | Elf:1    | Reached XP level 18. HP: 88/130 MP: 0/0
 27806 | Elf:2    | Paralysed by an air elemental for 1 turns
 27808 | Elf:2    | Paralysed by an air elemental for 1 turns
 28237 | Elf:2    | Found a runed translucent gate.
 28238 | Elf:2    | Found a runed translucent gate.
 28297 | Elf:2    | Reached skill level 19 in Translocations
 28467 | Elf:2    | Found a runed translucent gate.
 28954 | Elf:2    | Reached XP level 19. HP: 132/137 MP: 0/0
 28954 | Elf:2    | Learned a level 6 spell: Death Channel
 29229 | Elf:3    | Entered Level 3 of the Elven Halls
 29585 | Elf:3    | Noticed Roxanne
 29599 | Elf:3    | Killed Roxanne
 29694 | Elf:3    | Noticed a deep elf blademaster
 29703 | Elf:3    | Killed a deep elf blademaster
 29723 | Elf:3    | Identified the +2 robe of Fun and Games {rC+ Will- rCorr
                  | SInv}
 29723 | Elf:3    | Noticed Boris
 29729 | Elf:3    | Killed a ghostly deep elf blademaster
 29744 | Elf:3    | HP: 2/137 [deep elf master archer/arrow (30)]
 29822 | Elf:3    | Killed Boris
 29911 | Elf:3    | Noticed a deep elf blademaster
 29914 | Elf:3    | Killed a deep elf blademaster
 29915 | Elf:3    | Reached skill level 20 in Translocations
 30204 | Elf:3    | Paralysed by an air elemental for 1 turns
 30254 | Elf:3    | Identified the ring "Rexudue" {rPois Dex+2}
 30344 | Elf:3    | Identified the orb "Ommoy" {light, Str+3 Int+4}
 30413 | Elf:3    | Identified the +2 chain mail "Seagag" {rN+ Int+3}
 30455 | Elf:3    | Identified the +3 plate armour of Summertime {rElec rF+}
 31256 | Spider:2 | Reached XP level 20. HP: 141/145 MP: 0/0
 32461 | D:14     | You paid a toll of a +6 demon whip to enter a treasure
                  | trove
 32462 | Trove    | Entered a treasure trove
 32897 | Spider:3 | Noticed Nikola
 32901 | Spider:3 | Noticed Donald
 32905 | Spider:3 | Killed Nikola
 32919 | Spider:3 | Killed Donald
 32920 | Spider:3 | Reached skill level 21 in Translocations
 33343 | Spider:4 | Entered Level 4 of the Spider Nest
 33787 | Spider:4 | Got a milky-white gem with 94 turns to spare
 33791 | Spider:4 | Got a gossamer rune of Zot
 33814 | Spider:4 | Identified the scarf of Pab Suing {harm, Will++ Str-3}
 34269 | D:15     | Entered Level 15 of the Dungeon
 34365 | D:15     | Noticed Louise
 34373 | D:15     | Killed Louise
 34384 | D:15     | Noticed Josephine
 34394 | D:15     | Killed Josephine
 34442 | D:15     | Found a staircase to the Depths.
 34978 | D:15     | Reached skill level 22 in Translocations
 35186 | Depths:1 | Entered Level 1 of the Depths
 35264 | Depths:1 | Reached XP level 21. HP: 154/154 MP: 0/0
 35264 | Depths:1 | Learned a level 7 spell: Summon Hydra
 35431 | Depths:1 | Reached skill level 15 in Fighting
 35489 | Depths:1 | Paralysed by a sphinx for 4 turns
 35631 | Depths:1 | Identified the +1 leather armour of Ysmiapij {rPois}
 35661 | Depths:1 | Reached skill level 23 in Translocations
 35836 | Depths:1 | Found a shadowy altar of Dithmenos.
 36064 | Depths:1 | Found a gateway to Hell.
 36289 | Vaults:1 | Entered Level 1 of the Vaults
 36602 | Vaults:1 | Killed from afar by an ironbound thunderhulk

Illustrated notes

Levels and vault maps discovered:
D:1:      psy_arrival_basics, layout_basic, basic_ecumenical_altar
D:2:      layout_basic, minmay_vboxes
D:3:      layout_basic, mainiacjoe_overflow_surrounded_room,
          overflow_temple_1_default
D:4:      layout_cave_pools, mainiacjoe_overflow_catwalk,
          minmay_temple_entry_trees, hangedman_feature_mirror, minivault_14,
          lightli_minifort
D:5:      layout_basic, mainiacjoe_overflow_alcove_1, minmay_misc_feat_x
D:6:      layout_gridville, serial_glass, glass_columns_b, glass_columns_a
D:7:      layout_rooms
D:8:      layout_basic, david_lair_generic
D:9:      layout_roguey, gammafunk_temple_overflow_elements, orc_0_dummy,
          serial_shops, shop, nicolae_wooded_promenade, uniq_jeremiah
D:10:     layout_basic, led_xom_imps
D:11:     minmay_stone_box, layout_long_grid, jiyva_altar_1
D:12:     layout_cave_pods, serial_shops, nicolae_shop_stone,
          gammafunk_ghost_cemetery, minivault_22
D:13:     layout_roguey, david_vaults_1, uniq_azrael
D:14:     layout_grid_maze, nicolae_trove_entry_path_of_doom
D:15:     hangedman_depths_entry_civil_slaughter, layout_long_grid,
          minmay_misc_feat_columns, uniq_louise, uniq_josephine
Temple:   hellmonk_temple_of_storms
Lair:1:   layout_gridlike, hangedman_tree_tricks, grunt_megastairs_4,
          serial_bayou_shore_b, uniq_fannar
Lair:2:   layout_roguey, minmay_shoals_entry_beasts,
          gammafunk_ghost_abyssal_escape, portal_ice_cave_entry_pillars_2,
          minivault_27, st_stairs_9, chequers_serial_rivers_micro_b,
          grunt_megastairs_1, uniq_urug, uniq_amaemon, uniq_sonja
Lair:3:   layout_roguey, dummy_spider_entry, nicolae_volcano_entry_hallway,
          small_statue_intersection, serial_bayou_pond_e,
          cheibrodos_lair_reptile_den, infiniplex_staircase_pool
Lair:4:   layout_roguey
Lair:5:   gammafunk_lair_ancient_temple, layout_big_grid, slime_entry_1,
          chequers_serial_rivers_micro_b
Spider:1: layout_spider_delve
Spider:2: layout_spider_delve, guppyfry_spider_mini_1
Spider:3: layout_spider_delve, uniq_donald, uniq_nikola
Spider:4: grunt_spider_rune_circles
Orc:1:    layout_caves, statue_in_the_mist_lemuel, nicolae_shop_vocational
Orc:2:    st_orc_ogre_mass, layout_caves, uniq_maurice
Elf:1:    eino_elf_arrival_sip, layout_geoelf_octagon,
          gammafunk_ghost_fury_of_okawaru, regret_index_elf_centigrade,
          drop_trap, palyth_stone_intersect, minmay_shop_star, uniq_asterion,
          uniq_frances
Elf:2:    elven_hall_of_blades_hangedman_original
          [nicolae_blade_entry_diamond_columns], layout_loops_cross, st_stairs_2
Elf:3:    minmay_elf_hall_circle, layout_geoelf_grid, st_stairs_5,
          nicolae_zig_zag_zippers, uniq_roxanne, uniq_boris
Vaults:1: v_misc_18, v_misc_31, nicolae_vaults_network_s, grunt_vaults_focal,
          v_rooms_1, nicolae_vaults_asterisk, hangedman_vaults_slither,
          nicolae_vaults_network_barrier, layout_vaults_chaotic_city,
          serial_shops, nicolae_book_shop_shelving
Depths:1: layout_twisted_cross, abyss_entry, nicolae_dithmenos_shadow_blocks,
          hell_entry, kennysheep_decorative_pillar, minmay_alternating_orb

Skill      XL: |  1  2  3  4  5  6  7  8  9 10 11 12 13 14 15 16 17 18 19 20 21 |
---------------+----------------------------------------------------------------+-----
Spellcasting   | 4 5 6 7 8 9 10 11 12 13 15 16 17 18 19 21 | 21.5
Conjurations   | 4 5 6 7 8 9 10 11 12 13 15 16 17 18 19 | 19.9
Hexes          | 4 5 6 7 8 9 10 11 12 13 15 16 17 18 19 | 19.9
Summonings     | 4 5 6 7 8 9 10 11 12 13 15 16 17 18 19 | 19.9
Necromancy     | 4 5 6 7 8 9 10 11 12 13 15 16 17 18 19 | 19.9
Translocations | 4 5 6 7 8 9 10 11 12 13 15 16 18 19 20 22 23 | 23.6
Fire Magic     | 4 5 6 7 8 9 10 11 12 13 15 16 17 18 19 | 19.9
Ice Magic      | 4 5 6 7 8 9 10 11 12 13 15 16 17 18 19 | 19.9
Air Magic      | 4 5 6 7 8 9 10 11 12 13 15 16 17 18 19 21 | 21.5
Earth Magic    | 4 5 6 7 8 9 10 11 12 13 15 16 17 18 19 | 19.9
Alchemy        | 4 5 6 7 8 9 10 11 12 13 15 16 17 18 19 21 | 21.5
Shields        | 3 5 6 7 8 9 10 11 12 13 | 13.3
Fighting       | 1 3 5 6 7 8 9 10 11 12 13 14 15 | 15.7
Dodging        | 3 4 6 7 8 9 10 11 12 13 14 | 14.0
Stealth        | 3 4 5 8 |  8.3
Armour         | 2 4 6 8 9 10 11 12 13 | 13.0

Action                     |  1- 3 |  4- 6 |  7- 9 | 10-12 | 13-15 | 16-18 | 19-21 || total
---------------------------+-------+-------+-------+-------+-------+-------+-------++-------
  Melee: Mace              |       |       |     1 |     1 |     2 |     5 |     4 ||    13
   Cast: Magic Dart        |    89 |    71 |   143 |    96 |   333 |   400 |   253 ||  1385
         Foxfire           |       |    13 |       |       |       |       |       ||    13
         Searing Ray       |       |     2 |       |       |       |       |     4 ||     6
         Fulminant Prism   |       |     1 |       |    41 |    45 |    46 |    61 ||   194
         Iskenderun's Myst |       |     8 |    71 |   141 |   365 |   467 |   654 ||  1706
         Leda's Liquefacti |       |       |       |     4 |     2 |     2 |     3 ||    11
         Lee's Rapid Decon |       |       |       |       |     4 |     2 |       ||     6
         Death Channel     |       |       |       |       |       |       |     1 ||     1
         Summon Lightning  |       |       |       |       |       |       |     1 ||     1
    Use: Potion            |       |     1 |       |     1 |     1 |     6 |     4 ||    13
         Scroll            |       |       |       |    19 |     4 |     5 |    11 ||    39
 Armour: Robe              |    11 |    26 |    20 |    18 |       |       |       ||    75
         Acid dragon scale |       |       |       |    18 |    78 |   133 |       ||   229
         Ice dragon scales |       |       |       |       |       |   136 |   243 ||   379
         Ring mail         |       |       |       |       |       |     4 |       ||     4
  Dodge: Dodged            |    11 |    19 |    18 |    21 |    40 |    95 |    55 ||   259
  Block: Kite shield       |       |       |       |    24 |    64 |   161 |   144 ||   393

Table legend: (Time is in decaauts)
 A = Elapsed time spent in this place.
 B = Non-inter-level travel time spent in this place.
 C = Inter-level travel time spent in this place.
 D = Time resting spent in this place.
 E = Time spent auto-exploring this place.
 F = Levels seen in this place.
 G = Mean time per level.
                   A        B        C        D        E       F      G
               +--------+--------+--------+--------+--------+-----+--------+
         Total |  36754 |  33573 |   3181 |      0 |  25376 |  34 | 1081.0 |
       Dungeon |  16930 |  15124 |   1806 |      0 |  12463 |  15 | 1128.7 |
        Temple |      9 |      9 |      0 |      0 |      0 |   1 |    9.0 |
          Lair |   8908 |   8259 |    649 |      0 |   6619 |   5 | 1781.6 |
   Spider Nest |   2590 |   2431 |    159 |      0 |   1473 |   4 |  647.5 |
  Orcish Mines |   1573 |   1406 |    167 |      0 |    959 |   2 |  786.5 |
   Elven Halls |   4567 |   4258 |    309 |      0 |   2573 |   3 | 1522.3 |
        Vaults |    314 |    314 |      0 |      0 |    139 |   1 |  314.0 |
        Depths |   1039 |    952 |     87 |      0 |    630 |   1 | 1039.0 |
         Trove |    105 |    105 |      0 |      0 |      4 |   1 |  105.0 |
       Volcano |    715 |    715 |      0 |      0 |    516 |   1 |  715.0 |
               +--------+--------+--------+--------+--------+-----+--------+

Top non-repeatable levels by time:
  Lair:2: 2492 daAuts
  Lair:1: 1996 daAuts
  Lair:5: 1673 daAuts
  Lair:3: 1624 daAuts
   Elf:2: 1565 daAuts
   Elf:3: 1506 daAuts
   Elf:1: 1495 daAuts
     D:8: 1495 daAuts
    D:12: 1445 daAuts
     D:9: 1314 daAuts
    D:10: 1303 daAuts
     D:5: 1283 daAuts
    D:14: 1248 daAuts
    D:11: 1129 daAuts
  Lair:4: 1121 daAuts
